 Dungeon Crawl Stone Soup version 0.23-a0-577-g2b1de94 (webtiles) character file.

1136 Lavandula the Twirler (level 8, -4/48 HPs)
             Began as a Halfling Enchanter on Dec 15, 2018.
             Was an Initiate of Makhleb.
             Slain by a wyvern (12 damage)
             ... on level 7 of the Dungeon.
             The game lasted 00:16:57 (4836 turns).

Lavandula the Twirler (Halfling Enchanter)          Turns: 4836, Time: 00:16:58

Health: -4/48      AC:  9    Str:  9    XL:     8   Next: 63%
Magic:  10/10      EV: 13    Int: 13    God:    Makhleb [......]
Gold:   300        SH:  0    Dex: 15    Spells: 4/10 levels left

rFire    + . .     SeeInvis .   o - +2 quarterstaff (chaos)
rCold    . . .     Gourm    .   (shield currently unavailable)
rNeg     . . .     Faith    .   i - +2 ring mail {rF+}
rPois    .         Spirit   .   (no helmet)
rElec    .         Reflect  .   p - +1 cloak {+Inv}
rCorr    .         Harm     .   (no gloves)
MR       .....                  (no boots)
Stlth    ++........             (no amulet)
HPRegen  0.16/turn              m - -2 ring of intelligence (curse)
MPRegen  0.12/turn              (no ring)

@: very slightly contaminated
A: small, mutation resistance 1
a: Renounce Religion, Evoke Invisibility


You were on level 7 of the Dungeon.
You worshipped Makhleb.
Makhleb was noncommittal.
You were very hungry.

You visited 2 branches of the dungeon, and saw 9 of its levels.

You collected 300 gold pieces.

Inventory:

Hand Weapons
 a - a +1 dagger
 e - a +0 hunting sling
 o - a +2 quarterstaff of chaos (weapon)
Missiles
 j - 8 needles of confusion
 l - 13 sling bullets
Armour
 b - a +0 robe
 i - a +2 ring mail of fire resistance (worn)
 p - a +1 cloak of invisibility (worn)
Jewellery
 m - a cursed -2 ring of intelligence (left hand)
Scrolls
 k - 3 scrolls of teleportation
 s - a scroll of remove curse {unknown}
 t - a scroll of magic mapping {unknown}
 u - a scroll of fear
Potions
 c - a potion of invisibility
 f - a potion of haste {unknown}
 n - a potion of curing {unknown}
 r - 2 potions of brilliance
Comestibles
 d - 8 rations


   Skills:
 - Level 1.5 Fighting
 - Level 5.1 Short Blades
 + Level 6.9 Staves
 - Level 2.1 Dodging
 - Level 3.2 Stealth
 - Level 1.5 Spellcasting
 - Level 2.4 Hexes


You had 4 spell levels left.
You knew the following spells:

 Your Spells              Type           Power        Failure   Level  Hunger
a - Corona                Hex            #......      28%         1    ##.....
b - Ensorcelled Hibernat  Hex/Ice        #.....       56%         2    ###....
c - Dazzling Spray        Conj/Hex       #.....       80%         3    ####...

Your spell library contained the following spells:

 Spells                   Type           Power        Failure   Level  Hunger
 Confuse                  Hex            #.......     63%         3    ####...
 Tukima's Dance           Hex            #.......     63%         3    ####...


Dungeon Overview and Level Annotations

Branches:
Dungeon (8/15)             Temple (1/1) D:7
   Lair: D:8-11

Altars:
Ashenzari
Elyvilon
Fedhas
Kikubaaqudgha
Makhleb
Nemelex Xobeh
Okawaru
Qazlal
Ru
Trog
Uskayaw
Wu Jian
Xom
Yredelemnul
Zin
The Shining One

Shops:
D:4 *   D:7 (


Innate Abilities, Weirdness & Mutations

You are small and have problems with some larger weapons.
You are somewhat resistant to further mutation.


Message History

The wyvern bites you.
* * * LOW HITPOINT WARNING * * *
The wyvern misses you.
You barely miss the wyvern.
The wyvern is heavily wounded.
The wyvern barely misses you.
Unknown command.
You barely miss the wyvern.
The wyvern is heavily wounded.
The wyvern bites you.
* * * LOW HITPOINT WARNING * * *
Unknown command.
Unknown command.
Unknown command.
You aren't carrying any items that you can evoke.
Unknown command.
You closely miss the wyvern.
The wyvern is heavily wounded.
The wyvern bites you!
You die...

..............# # ###.
.............(##.#######+#.###...
..................O.... .........
#.#####.......##.###.. .#..##.##
#.# #.......##.# #.####........
#.#####.......##.###.#<..Z..o....
#>.....................#.........
#.##............l##...o......o...
#.##..P.P.....##@##.###.#........
..##...>.[.##.........(..........
..##..P.P..##.#..................
.###......###.#####......÷..#####
. #.#.#.## #....†o.........# #
#.#...# ########......#.# ..###..
................# ## ##.
.............#..# ..
.............#..#


You could see a wyvern.

Vanquished Creatures
  Grinder (D:6)
  A spriggan (D:6)
  A sky beast (D:6)
  2 bullfrogs (D:6)
  2 howler monkeys (D:7)
  A crimson imp (D:7)
  A bullfrog skeleton (D:6)
  Crazy Yiuf (D:3)
  A jelly (D:5)
  Jessica (D:3)
  An orc wizard (D:5)
  4 worker ants
  2 hound skeletons
  A howler monkey skeleton (D:4)
  A gnoll (D:1)
  7 adders
  A shadow imp (D:7)
  An ooze (D:6)
  3 adder zombies
  2 adder skeletons
  2 worms (D:3)
  2 dart slugs
  A leopard gecko (D:6)
  11 orcs
  4 bats
  3 giant cockroaches (D:4)
  6 goblins
  4 hobgoblins
  4 jackals (D:3)
  2 quokkas (D:2)
  7 frilled lizards
  3 kobolds
  A leopard gecko skeleton (D:4)
  7 rats
92 creatures vanquished.

Notes
Turn   | Place    | Note
-------+----------+-------------------------------------------
     0 | D:1      | Lavandula the Halfling Enchanter began the quest for the
                  | Orb.
     0 | D:1      | Reached XP level 1. HP: 11/11 MP: 3/3
    27 | D:1      | Reached XP level 2. HP: 17/17 MP: 4/4
    61 | D:1      | Learned a level 2 spell: Ensorcelled Hibernation
   182 | D:2      | Reached XP level 3. HP: 15/21 MP: 3/5
   964 | D:2      | Reached XP level 4. HP: 25/27 MP: 3/6
  1027 | D:2      | Learned a level 3 spell: Dazzling Spray
  1174 | D:4      | Noticed a phantom
  1526 | D:2      | Found a sacrificial altar of Ru.
  1651 | D:3      | Reached skill level 5 in Short Blades
  1852 | D:3      | Found a runed door.
  1856 | D:3      | Noticed Crazy Yiuf
  1860 | D:3      | Killed Crazy Yiuf
  1860 | D:3      | Reached skill level 1 in Fighting
  1860 | D:3      | Reached XP level 5. HP: 33/33 MP: 4/7
  1973 | D:3      | Noticed Jessica
  1991 | D:3      | Killed Jessica
  1991 | D:3      | Reached skill level 1 in Staves
  2235 | D:4      | Reached XP level 6. HP: 32/38 MP: 8/8
  2239 | D:4      | Reached skill level 2 in Staves
  2296 | D:4      | Found Saughut's Elemental Accessories.
  2458 | D:5      | Entered Level 5 of the Dungeon
  2756 | D:5      | Reached skill level 3 in Staves
  2810 | D:5      | Noticed an ice beast
  3104 | D:6      | Found an ornate altar of the Wu Jian Council.
  3167 | D:6      | Noticed a sky beast
  3180 | D:6      | Killed a sky beast
  3180 | D:6      | Reached skill level 4 in Staves
  3180 | D:6      | Reached XP level 7. HP: 19/43 MP: 9/9
  3580 | D:7      | Found Dicsamn's Weapon Shop.
  3595 | D:7      | Noticed a spriggan baker
  3601 | D:7      | Reached skill level 5 in Staves
  3934 | D:6      | Killed a spriggan baker
  3934 | D:6      | Reached XP level 8. HP: 15/48 MP: 10/10
  4265 | D:6      | Noticed Grinder
  4298 | D:6      | Killed Grinder
  4298 | D:6      | Reached skill level 6 in Staves
  4603 | D:7      | Found a staircase to the Ecumenical Temple.
  4614 | Temple   | Entered the Ecumenical Temple
  4754 | Temple   | Became a worshipper of Makhleb the Destroyer
  4814 | D:7      | Noticed a wyvern
  4836 | D:7      | Slain by a wyvern

Vault maps used:
D:1:      minmay_arrival_stair_chambers, minivault_19, skrybe_limestone_x
D:2:      first_ration, nicolae_ru_path_of_blood
D:3:      chequers_mini_garden, kennysheep_slug_shrine, uniq_crazy_yiuf_cottage,
          uniq_jessica
D:4:      serial_shops, kennysheep_little_box, nicolae_elemental_shop
D:5:      kennysheep_mini_moat, kennysheep_another_room, uniq_blork_the_orc
D:6:      basic_altar, minmay_misc_feat_enclosed, uniq_grinder
D:7:      minmay_temple_entry_trees, serial_shops, nicolae_shop_trees,
          the_bakery, uniq_duvessa
D:8:      chequers_temple_overflow_statue_of_worship, uniq_psyche
Temple:   regret_index_temple_sphere_string

Skill      XL: |  1  2  3  4  5  6  7  8 |
---------------+-------------------------+-----
Short Blades   | 2 3 4 5 |  5.1
Fighting       | 1 |  1.5
Staves         | 1 4 5 6 |  6.9
Dodging        | |  2.1
Stealth        | |  3.2
Spellcasting   | |  1.5
Hexes          | |  2.4

Action                   |  1- 3 |  4- 6 |  7- 9 || total
-------------------------+-------+-------+-------++-------
Melee: Dagger            |    82 |    55 |       ||   137
       Quarterstaff      |       |   102 |   102 ||   204
 Fire: Hunting sling     |     5 |       |       ||     5
 Cast: Corona            |     4 |       |       ||     4
       Ensorcelled Hiber |     7 |    15 |       ||    22
  Use: Potion            |       |     2 |     2 ||     4
       Scroll            |       |       |     5 ||     5
 Stab: Sleeping          |    12 |     8 |     1 ||    21
       Petrifying        |       |     1 |       ||     1
  Eat: Chunk             |       |     9 |     5 ||    14
Armor: Robe              |     5 |    13 |       ||    18
       Ring mail         |       |     5 |    28 ||    33
       Skin              |       |     1 |     6 ||     7
Dodge: Dodged            |    51 |   101 |    49 ||   201

Table legend:
 A = Non-vault XP
 B = Vault XP
 C = Vault XP percentage of total XP
 D = Non-vault monster count
 E = Vault monster count
 F = Vault count percentage of total count
                 A         B        C        D         E       F
            +---------+---------+-------+---------+---------+-------
      Total |    1050 |     574 |  35.3 |      88 |       4 |   4.3
            +---------+---------+-------+---------+---------+-------
        D:1 |      24 |       0 |   0.0 |       6 |       0 |   0.0
        D:2 |      58 |       0 |   0.0 |      23 |       0 |   0.0
        D:3 |      56 |      77 |  57.9 |      17 |       2 |  10.5
        D:4 |     147 |       0 |   0.0 |      14 |       0 |   0.0
        D:5 |      93 |       0 |   0.0 |       7 |       0 |   0.0
        D:6 |     449 |     497 |  52.5 |      14 |       2 |  12.5
        D:7 |     223 |       0 |   0.0 |       7 |       0 |   0.0
            +---------+---------+-------+---------+---------+-------
